 Dungeon Crawl Stone Soup version 0.25.1-2-g60ff931df9 (webtiles) character file.

Game seed: 3026643349969232384

2042 gruber the Destroyer (level 9, -4/45 HPs)
             Began as a Deep Elf Ice Elementalist on Nov 15, 2020.
             Slain by a wyvern zombie (9 damage)
             ... on level 7 of the Dungeon.
             The game lasted 00:10:44 (8061 turns).

gruber the Destroyer (Deep Elf Ice Elementalist)    Turns: 8061, Time: 00:10:45

Health: -4/45      AC:  5    Str:  5    XL:     9   Next: 4%
Magic:  6/17       EV: 13    Int: 24    God:
Gold:   454        SH:  0    Dex: 15    Spells: 4/16 levels left

rFire    . . .     SeeInvis +   n - +1 short sword (venom)
rCold    . . .     Gourm    .   (no shield)
rNeg     . . .     Faith    .   a - +0 robe
rPois    .         Spirit   .   (no helmet)
rElec    .         Reflect  .   z - +0 cloak
rCorr    .         Harm     .   (no gloves)
MR       .....                  h - +1 pair of boots
Stlth    ++........             w - amulet of inaccuracy (curse)
HPRegen  0.15/turn              D - +4 ring of slaying
MPRegen  0.15/turn              C - ring of see invisible

@: no status effects
A: no striking features
a: no special abilities


You were on level 7 of the Dungeon.
You were not hungry.

You visited 2 branches of the dungeon, and saw 8 of its levels.

You collected 454 gold pieces.

Inventory:

Hand Weapons
 n - a +1 short sword of venom (weapon)
 s - a +2 mace of holy wrath
Armour
 a - a +0 robe (worn)
 h - a +1 pair of boots (worn)
 z - a +0 cloak (worn)
Jewellery
 q - an uncursed ring of flight
 w - a cursed amulet of inaccuracy (around neck)
 C - a ring of see invisible (right hand)
 D - a +4 ring of slaying (left hand)
Wands
 u - a wand of digging (5)
 y - a wand of flame (21)
Scrolls
 b - a scroll of fear {unknown}
 e - a scroll of enchant weapon {unknown}
 f - a scroll of random uselessness {unknown}
 g - a scroll of teleportation
 i - 3 scrolls of enchant armour
 m - 4 scrolls of remove curse {unknown}
 o - a scroll of blinking
 p - 3 scrolls of identify
 t - a scroll of fog {unknown}
Potions
 d - a potion of lignification
 j - 3 potions of heal wounds
 k - a potion of berserk rage
 l - a potion of might
 v - a potion of brilliance
 x - a potion of curing
 A - a potion of haste {unknown}
 B - a potion of flight
Comestibles
 c - 9 rations


   Skills:
 - Level 2.4 Dodging
 - Level 2.4 Stealth
 - Level 4.1 Spellcasting
 * Level 9.8 Conjurations
 - Level 4.0 Summonings
 - Level 8.0 Ice Magic
 - Level 1.0 Evocations


You had 4 spell levels left.
You knew the following spells:

 Your Spells              Type           Power        Failure   Level  Hunger
a - Freeze                Ice            ####         1%          1    None
b - Frozen Ramparts       Ice            #####.       1%          3    ##.....
c - Hailstorm             Conj/Ice       #####...     2%          4    ####...
d - Summon Ice Beast      Ice/Summ       ####....     9%          4    ####...

Your spell library contained the following spells:

 Spells                   Type           Power        Failure   Level  Hunger
 Ozocubu's Armour         Chrm/Ice       ###.....     5%          3    ##.....
 Animate Skeleton         Necr           N/A          10%         1    None


Dungeon Overview and Level Annotations

Branches:
Dungeon (7/15)             Temple (1/1) D:6

Altars:
Ashenzari
Dithmenos
Elyvilon
Fedhas
Gozag
Hepliaklqana
Kikubaaqudgha
Makhleb
Nemelex Xobeh
Okawaru
Qazlal
Ru
Sif Muna
Trog
Uskayaw
Vehumet
Wu Jian
Xom
Zin
The Shining One

Shops:
D:5 *

Annotations:
D:5 3 runed translucent doors, 15bullets's ghost, amateur DrFE
D:7 Harold; Joseph


Message History

Your ice beast hits the wyvern zombie.
Your ice beast freezes the wyvern zombie.
The wyvern zombie resists.
Unknown command.
You hit the wyvern zombie.
The wyvern zombie is moderately damaged.
The wyvern zombie barely misses you. The wyvern zombie bites you!
* * * LOW HITPOINT WARNING * * *
Your ice beast hits the wyvern zombie.
Your ice beast freezes the wyvern zombie.
The wyvern zombie resists.
Your ice beast hits the wyvern zombie.
Your ice beast freezes the wyvern zombie.
The wyvern zombie resists.
Your ice beast hits the wyvern zombie.
Your ice beast freezes the wyvern zombie.
The wyvern zombie resists.
Unknown command.
You hit the wyvern zombie.
The wyvern zombie is heavily damaged.
The wyvern zombie bites you!
You die...

#.# #.# #.. ########
#.# #......# #.#
##.####.# #.# ###.
#....<..#######.##.....
#..###.......@ZY.......
#..# #..######YY.######
#..###..# #.....#
#..#....# ##...##
#.......# ##.##
#.##.#.## #.# #.##.#.#
#.# #......# #+#
####.###


You could see a wyvern zombie and 3 friendly ice beasts.

Vanquished Creatures
  A water moccasin (D:6)
  An orc warrior (D:6)
  A phantom (D:7)
  3 ogres
  A bullfrog (D:6)
  A howler monkey (D:6)
  2 crimson imps
  An orc priest (D:4)
  5 hounds
  3 jellies
  8 orc wizards
  Crazy Yiuf (D:5)
  An iguana (D:4)
  Natasha (thrice) (D:4)
  8 worker ants
  3 gnolls (D:4)
  11 adders
  A shadow imp (D:6)
  2 oozes
  An adder skeleton (D:4)
  A worm (D:2)
  3 dart slugs
  6 leopard geckos
  13 orcs
  9 giant cockroaches
  10 goblins
  6 hobgoblins
  10 jackals
  6 kobolds
  5 quokkas
  A ball python (D:2)
  7 bats
  4 frilled lizards
  A jackal skeleton (D:6)
  A quokka skeleton (D:2)
  A quokka zombie (D:5)
  4 rats
146 creatures vanquished.

Vanquished Creatures (collateral kills)
  Menkaure (D:6)
  A phantom (D:4)
  A necrophage (D:5)
  2 bullfrog zombies (D:5)
  A bullfrog skeleton (D:5)
  A hound zombie (D:5)
  2 howler monkey skeletons (D:5)
  An adder (D:6)
  An adder zombie (D:5)
  A quokka (D:5)
12 creatures vanquished.

Grand Total: 158 creatures vanquished

Notes
Turn   | Place    | Note
-------+----------+-------------------------------------------
     0 | D:1      | gruber the Deep Elf Ice Elementalist began the quest for
                  | the Orb.
     0 | D:1      | Reached XP level 1. HP: 10/10 MP: 6/6
   444 | D:1      | Reached XP level 2. HP: 9/15 MP: 5/8
  1090 | D:2      | Reached skill level 5 in Ice Magic
  1373 | D:2      | Reached XP level 3. HP: 17/19 MP: 8/10
  1378 | D:2      | Learned a level 3 spell: Frozen Ramparts
  1729 | D:2      | Reached XP level 4. HP: 24/24 MP: 8/12
  2003 | D:2      | Found a white marble altar of Elyvilon.
  2003 | D:2      | Found a blossoming altar of Fedhas.
  2503 | D:3      | Reached XP level 5. HP: 24/28 MP: 10/13
  3041 | D:4      | Noticed an ogre
  3047 | D:4      | Killed an ogre
  3047 | D:4      | Reached XP level 6. HP: 32/32 MP: 10/14
  3360 | D:4      | Learned a level 4 spell: Hailstorm
  3365 | D:4      | Learned a level 4 spell: Summon Ice Beast
  3433 | D:4      | Noticed Natasha
  3434 | D:4      | Reached skill level 1 in Summonings
  3443 | D:4      | Killed Natasha
  3774 | D:4      | Reached XP level 7. HP: 35/36 MP: 11/15
  4192 | D:4      | Reached skill level 1 in Conjurations
  4250 | D:4      | Reached skill level 2 in Conjurations
  4253 | D:4      | Reached skill level 3 in Conjurations
  4375 | D:4      | Noticed Natasha
  4512 | D:4      | Killed Natasha
  4610 | D:4      | Reached skill level 4 in Conjurations
  5010 | D:4      | Noticed Natasha
  5019 | D:4      | Killed Natasha
  5076 | D:5      | Entered Level 5 of the Dungeon
  5091 | D:5      | Reached skill level 5 in Conjurations
  5242 | D:5      | Found Hamios's Assorted Antiques.
  5272 | D:5      | Found a sparkling altar of Nemelex Xobeh.
  5314 | D:5      | Reached XP level 8. HP: 29/41 MP: 9/16
  5635 | D:5      | Reached skill level 6 in Conjurations
  5782 | D:5      | Found a runed translucent door.
  5783 | D:5      | Noticed Crazy Yiuf
  6056 | D:5      | Found a runed translucent gate.
  6056 | D:5      | Found a runed translucent gate.
  6090 | D:5      | Found a runed translucent gate.
  6092 | D:5      | Noticed 15bullets's ghost (amateur DrFE)
  6276 | D:5      | Killed Crazy Yiuf
  6276 | D:5      | Reached skill level 7 in Conjurations
  6489 | D:6      | Found a staircase to the Ecumenical Temple.
  6521 | Temple   | Entered the Ecumenical Temple
  6866 | D:6      | Noticed Menkaure
  6874 | D:6      | Killed Menkaure
  7013 | D:6      | Reached skill level 8 in Conjurations
  7132 | D:6      | Found an ancient bone altar of Kikubaaqudgha.
  7421 | D:6      | Found a shimmering blue altar of Sif Muna.
  7423 | D:6      | Reached skill level 9 in Conjurations
  7508 | D:6      | Found a shimmering blue altar of Sif Muna.
  7509 | D:6      | Found a radiant altar of Vehumet.
  7511 | D:6      | Identified Kikubaaqudgha's Catalogue of Evil Secrets
  7787 | D:7      | Noticed Joseph
  7795 | D:7      | Noticed Harold
  7841 | D:6      | Reached skill level 1 in Evocations
  7841 | D:6      | Reached XP level 9. HP: 43/45 MP: 3/17
  8061 | D:7      | Slain by a wyvern zombie

Illustrated notes

Levels and vault maps discovered:
D:1:      dpeg_arrival_tiny_j, layout_basic, minmay_tetromino_o4
D:2:      layout_basic, gammafunk_temple_overflow_wave, first_ration,
          patterned_corridor
D:3:      layout_basic, kennysheep_path_1, grunt_ministairs_3, minmay_circle_x
D:4:      kennysheep_spiral_hall, layout_basic, uniq_natasha
D:5:      layout_rooms, nemelex_altar_shiori, ebering_ghost_rock_garden,
          serial_shops, shop, uniq_crazy_yiuf_cottage
D:6:      kennysheep_orc_sif_temple, layout_cave_pools,
          grunt_temple_overflow_magic_moments, minmay_temple_entry_butterflies,
          uniq_menkaure
D:7:      layout_loops_corners, uniq_harold, uniq_joseph
Temple:   eino_narrow_crystal_temple

Skill      XL: |  1  2  3  4  5  6  7  8 |
---------------+-------------------------+-----
Ice Magic      | 5 6 7 8 |  8.0
Spellcasting   | 4 |  4.1
Summonings     | 3 4 |  4.0
Conjurations   | 5 9 |  9.8
Evocations     | 1 |  1.0
Dodging        | |  2.4
Stealth        | |  2.4

Action                   |  1- 3 |  4- 6 |  7- 9 || total
-------------------------+-------+-------+-------++-------
Melee: Unarmed           |    28 |     9 |       ||    37
       Mace              |       |     7 |       ||     7
       Short sword       |       |    26 |   115 ||   141
 Cast: Freeze            |    43 |     1 |       ||    44
       Frozen Ramparts   |     4 |    27 |    37 ||    68
       Summon Ice Beast  |       |       |    21 ||    21
       Hailstorm         |       |       |     4 ||     4
Evoke: Wand              |       |       |     2 ||     2
  Use: Scroll            |       |       |    10 ||    10
 Stab: Sleeping          |     3 |     2 |     1 ||     6
       Distracted        |       |       |     1 ||     1
  Eat: Chunk             |     3 |     8 |    13 ||    24
       Ration            |       |       |     2 ||     2
Armor: Robe              |    12 |    10 |    15 ||    37
Dodge: Dodged            |    39 |    38 |    93 ||   170
